 Dungeon Crawl Stone Soup version 0.28-a0-991-g956f0ee3d5 (webtiles) character file.

Game seed: 3477466065422636223

169 Lavandula the Cutter (level 5, 0/44 HPs)
             Began as a Naga Arcane Marksman on Dec 5, 2021.
             Frozen to death by an endoplasm (3 damage)
             ... on level 3 of the Dungeon.
             The game lasted 00:03:20 (1560 turns).

Lavandula the Cutter (Naga Arcane Marksman)         Turns: 1560, Time: 00:03:21

Health: 0/44       AC: -1    Str: 12    XL:     5   Next: 50%
Magic:  6/6        EV: 14    Int: 13    God:
Gold:   67         SH:  0    Dex: 14    Spells: 2/6 levels left

rFire   . . .      SeeInvis +   n - +1 dagger (venom)
rCold   . . .      Faith    .   (no shield)
rNeg    . . .      Spirit   .   d - +0 robe
rPois   +          Reflect  .   (no helmet)
rElec   .          Harm     .   (no cloak)
rCorr   .          Rampage  .   (no gloves)
Will    .....                   (no barding)
Stlth   +.........              (no amulet)
HPRegen 0.14/turn               f - +4 ring of evasion
MPRegen 0.10/turn               (no ring)

@: corroded, hasted, quick
A: AC +1, large, see invisible, deformed body, poison resistance, slowness 2,
spit poison 1, naga tail 1
a: Spit Poison


You were on level 3 of the Dungeon.
You visited 1 branch of the dungeon, and saw 3 of its levels.

You collected 67 gold pieces.

Inventory:

Hand Weapons
 a - a +0 hand crossbow
 b - a +0 dagger
 n - a +1 dagger of venom (weapon)
Missiles
 c - 22 bolts
Armour
 d - a +0 robe (worn)
Jewellery
 f - a +4 ring of evasion (left hand)
Scrolls
 h - a scroll of fog {unknown}
 i - a scroll of identify {unknown}
 j - a scroll of teleportation {unknown}
 m - 2 scrolls of blinking {unknown}
Potions
 e - a potion of attraction {unknown}
 g - a potion of haste
 k - a potion of curing {unknown}
 l - 2 potions of ambrosia {unknown}


   Skills:
 - Level 1.0 Fighting
 + Level 3.7 Short Blades
 - Level 3.4 Crossbows
 - Level 1.5 Dodging
 - Level 1.0 Spellcasting
 - Level 3.0 Hexes


You had 2 spell levels left.
You knew the following spells:

 Your Spells              Type           Power      Damage    Failure   Level
a - Slow                  Hex            32%        N/A       9%          1
b - Inner Flame           Hex/Fire       4%         N/A       41%         3

Your spell library contained the following spells:

 Spells                   Type           Power      Damage    Failure   Level
 Portal Projectile        Hex/Tloc       8%         N/A       41%         3
 Cause Fear               Hex            4%         N/A       63%         4


Dungeon Overview and Level Annotations

Branches:
Dungeon (3/15)

Altars:
Kikubaaqudgha


Innate Abilities, Weirdness & Mutations

Your serpentine skin is tough. (AC +1)
You have supernaturally acute eyesight. (SInv)
Armour fits poorly on your strangely shaped body.
Your system is resistant to poisons. (rPois)
You cover ground very slowly.
You can spit poison.
You have a snake-like lower body.


Message History

The centaur is lightly wounded.
The centaur unwields a +0 shortbow.
The centaur barely misses you. The centaur closely misses you.
Unknown command.
You hit the centaur.
The centaur is poisoned.
The centaur is moderately wounded.
The centaur barely misses you. The centaur misses you.
Unknown command.
You hit the centaur but do no damage.
The centaur is moderately wounded.
The centaur closely misses you. The centaur barely misses you.
Unknown command.
Press: ? - help, Shift-Dir - straight line, f - jelly
Aim: a jelly The splash of poison hits the centaur!
The centaur looks even sicker.
You kill the centaur!
The jelly jiggles.
Your Short Blades skill increases to level 3!
You have reached level 5!
You hit the jelly.
The jelly is poisoned.
The acid corrodes you!
Your hands burn!
The jelly is lightly wounded.
The quokka closely misses you.
Unknown command.
The endoplasm freezes you.
You are frozen.
* * * LOW HITPOINT WARNING * * *
Unknown command.
You hit the endoplasm.
The endoplasm is poisoned.
The endoplasm is heavily wounded.
Your extra speed is starting to run out.
The endoplasm barely misses you. The jelly hits you.
* * * LOW HITPOINT WARNING * * *
You are splashed with acid!
* * * LOW HITPOINT WARNING * * *
You feel as though your hastened speed will last longer.
You have got your breath back.
The endoplasm freezes you.
You are frozen.
You die...

#######.## ##r....#
.........# #.J#####
########.## ##.##
#).#+#..######.
##.....##......
#....## ......
######.)####......
.........J.........
########rJ@.........
####.........>...
...................
#####.............#
.................#
#####............#
#............#
#............#
#............#


You could see a jelly (very poisoned), an endoplasm (very poisoned) and a
quokka.

Vanquished Creatures
  A centaur (D:3)
  A howler monkey (D:3)
  An adder (D:3)
  A worm (D:2)
  A dart slug (D:2)
  3 bats
  4 endoplasms
  A giant cockroach (D:1)
  3 hobgoblins
  8 kobolds
  2 quokkas
  5 ball pythons
  4 goblins
  3 rats
38 creatures vanquished.

Notes
Turn   | Place    | Note
-------+----------+-------------------------------------------
     0 | D:1      | Lavandula the Naga Arcane Marksman began the quest for the
                  | Orb.
     0 | D:1      | Reached XP level 1. HP: 18/18 MP: 2/2
    91 | D:1      | Reached XP level 2. HP: 25/25 MP: 3/3
    95 | D:1      | Found a faded altar of an unknown god.
   791 | D:2      | Reached XP level 3. HP: 31/31 MP: 4/4
   809 | D:2      | Learned a level 3 spell: Inner Flame
   840 | D:2      | Found an ancient bone altar of Kikubaaqudgha.
  1520 | D:3      | Noticed a centaur
  1544 | D:3      | Reached XP level 4. HP: 18/38 MP: 5/5
  1556 | D:3      | Killed a centaur
  1557 | D:3      | Reached XP level 5. HP: 16/44 MP: 6/6
  1560 | D:3      | Frozen to death by an endoplasm

Illustrated notes

Levels and vault maps discovered:
D:1:      lightli_arrival_boilingwater, layout_loops_cross,
          ebering_ecumenical_altar_sacrificial, minmay_misc_feat_rows,
          minmay_hedge_maze, chequers_garden, minmay_misc_feat_diagonals
D:2:      layout_basic, basic_altar
D:3:      layout_basic, minmay_divided_ellipse, uniq_grinder

Skill      XL: |  1  2  3  4 |
---------------+-------------+-----
Crossbows      | 2 3 |  3.4
Short Blades   | 2 3 |  3.7
Fighting       | |  1.0
Dodging        | |  1.5
Spellcasting   | |  1.0
Hexes          | |  3.0

Action                   |  1- 3 |  4- 6 || total
-------------------------+-------+-------++-------
Melee: Dagger            |    21 |    10 ||    31
 Fire: Hand crossbow     |    71 |       ||    71
 Abil: Spit Poison       |    17 |     2 ||    19
  Use: Potion            |     1 |     1 ||     2
Armor: Robe              |     5 |       ||     5
Dodge: Dodged            |    23 |    10 ||    33

Table legend: (Time is in decaauts)
 A = Elapsed time spent in this place.
 B = Non-inter-level travel time spent in this place.
 C = Inter-level travel time spent in this place.
 D = Time resting spent in this place.
 E = Time spent auto-exploring this place.
 F = Levels seen in this place.
 G = Mean time per level.
                   A        B        C        D        E       F      G
               +--------+--------+--------+--------+--------+-----+--------+
         Total |   2096 |   2011 |     85 |      0 |   1712 |   3 |  698.7 |
       Dungeon |   2096 |   2011 |     85 |      0 |   1712 |   3 |  698.7 |
               +--------+--------+--------+--------+--------+-----+--------+

Top non-repeatable levels by time:
     D:1: 1024 daAuts
     D:2: 974 daAuts
     D:3: 97 daAuts
